 Dungeon Crawl Stone Soup version 0.29.1-2-gbd0b4ee654 (webtiles) character file.

Game seed: 18204322331800088885

56 xian the Trooper (level 3, -1/30 HPs)
             Began as a Demonspawn Abyssal Knight on Nov 17, 2022.
             Was a Believer of Lugonu.
             Succumbed to an adder's poison
             ... on level 2 of the Dungeon.
             The game lasted 00:02:59 (1515 turns).

xian the Trooper (Demonspawn Abyssal Knight)        Turns: 1515, Time: 00:03:00

Health: -1/30      AC:  3    Str: 12 (15) XL:     3   Next: 69%
Magic:  1/4        EV: 11    Int:  9 (11) God:    Lugonu [**....]
Gold:   68         SH:  4    Dex: 10 (13) Spells: 2/2 levels left

rFire   . . .      SeeInvis .   a - +1 short sword
rCold   . . .      Faith    .   (no shield)
rNeg    . . .      Spirit   +   b - +0 leather armour
rPois   .          Reflect  .   (no helmet)
rElec   .          Harm     .   (no cloak)
rCorr   .          Rampage  .   (no gloves)
Will    .....                   (no boots)
Stlth   +.........              j - amulet of guardian spirit
HPRegen 0.10/turn               (no ring)
MPRegen 0.09/turn               (no ring)

@: lethally poisoned (-1 -> -9)
A: claws 1, condensation shield
a: Renounce Religion, Depart the Abyss, Bend Space


You were on level 2 of the Dungeon.
You worshipped Lugonu.
Lugonu was pleased with you.
You visited 1 branch of the dungeon, and saw 2 of its levels.
You visited the Abyss 1 time.

You collected 68 gold pieces.

Inventory:

Hand Weapons
 a - a +1 short sword (weapon)
Missiles
 d - a stone
 g - a throwing net
 k - 5 boomerangs (quivered)
 m - 3 silver javelins
Armour
 b - a +0 leather armour (worn)
Jewellery
 j - an amulet of guardian spirit (around neck)
Scrolls
 h - a scroll of enchant weapon {unknown}
 l - a scroll of amnesia {unknown}
Potions
 c - a potion of ambrosia
 f - a potion of heal wounds {unknown}
 i - a potion of lignification {unknown}


   Skills:
 + Level 3.9 Fighting
 + Level 2.0 Short Blades
 + Level 2.2 Armour
 + Level 1.1 Dodging
 + Level 0.9 Stealth
 + Level 2.5 Invocations


You had 2 spell levels left.
You didn't know any spells.
Your spell library was empty.

Dungeon Overview and Level Annotations

Branches:
Dungeon (2/15)

Altars:


Innate Abilities, Weirdness & Mutations

You have sharp fingernails.
A meltable shield of frost defends you. (SH +4)


Message History

Things that are here:
a +0 club; a +0 whip; a gnoll corpse You see here a +0 whip.
You see here a +0 whip.
Things that are here:
a +0 club; a +0 whip; a gnoll corpse You see here a rat corpse.
m - 3 silver javelins An adder comes into view.
Annotate which branch? (. - D:2, ? - help, ! - show branch list)
Okay, then.
Unknown command.
You throw a boomerang. The boomerang closely misses the adder.
The adder hisses angrily.
You throw a boomerang. The boomerang barely misses the adder.
A gnoll comes into view. It is wielding a +0 halberd.
You throw a boomerang. The boomerang barely misses the adder.
The gnoll shouts!
The adder closely misses you. The adder bites you.
You throw a boomerang. The boomerang barely misses the adder.
You block the adder's attack.
You barely miss the adder. The adder bites you. You block the gnoll's attack.
The adder bites you.
You are poisoned.
The adder poisons you!
You miss the adder.
You feel sick. The gnoll barely misses you. The adder bites you.
You are more poisoned.
The adder poisons you!
You barely miss the adder.
You feel very sick.
The gnoll throws a stone.
You block the stone. The adder barely misses you.
You barely miss the adder.
You feel sick. The adder closely misses you.
The gnoll hits you from afar with a +0 halberd!
* * * LOW HITPOINT WARNING * * *
Unknown command.
It was a potion of degeneration.
There was something very wrong with that liquid.
You feel weakened.
You feel dopey.
You feel clumsy.
You die...

#. .. #. .
#.##. #...
#... #..# # #
#.S# .#.##
#.@##.....
#.##...g....#
#.#
#............
#.#
##.###.#######
#.#
#...##.#######
#.#
#.............
#.#
#...##†#######
#.# ##. #)#
#.# # #)#
###.#


You could see a gnoll and an adder.

Vanquished Creatures
  3 gnolls (D:2)
  A dart slug (D:1)
  A bat (D:1)
  2 endoplasms (D:1)
  3 giant cockroaches (D:1)
  2 hobgoblins
  A quokka (D:1)
  3 ball pythons (D:1)
  2 goblins (D:1)
  4 kobolds (D:1)
  4 rats
26 creatures vanquished.

Notes
Turn   | Place    | Note
-------+----------+-------------------------------------------
     0 | Abyss:1  | xian the Demonspawn Abyssal Knight began the quest for the
                  | Orb.
     0 | Abyss:1  | Reached XP level 1. HP: 18/18 MP: 2/2
    25 | Abyss:1  | Noticed a quasit
    45 | D:1      | Escaped the Abyss
   401 | D:1      | Reached ** piety under Lugonu
   432 | D:1      | Gained mutation: A meltable shield of frost defends you.
                  | (SH +4) [demonic ancestry]
   432 | D:1      | Reached XP level 2. HP: 15/24 MP: 3/3
   604 | D:1      | Reached skill level 1 in Dodging
  1485 | D:2      | Gained mutation: You have sharp fingernails. [demonic
                  | ancestry]
  1485 | D:2      | Reached XP level 3. HP: 24/30 MP: 2/4
  1514 | D:2      | HP: 1/30 [gnoll/+0 halberd (10)]
  1515 | D:2      | Succumbed to an adder's poison

Illustrated notes

Levels and vault maps discovered:
D:1:      psy_arrival_basics, layout_loops_corners
D:2:      layout_loops_ring, guppyfry_early_lair_pool

Skill      XL: |  1  2 |
---------------+-------+-----
Dodging        | 1 |  1.1
Short Blades   | 2 |  2.0
Armour         | 2 |  2.2
Fighting       | |  3.9
Stealth        | |  0.9
Invocations    | |  2.5

Action                   || total
-------------------------++-------
Melee: Short sword       ||    64
Throw: Stone             ||    17
       Javelin           ||     3
       Boomerang         ||     4
Invok: Depart the Abyss  ||     1
  Use: Scroll            ||     2
       Potion            ||     1
Armor: Leather armour    ||    10
Dodge: Dodged            ||    47
Block: Other             ||    14
